Map: Abiogenesis LE

Players

DnS

  • Race: Protoss Protoss
  • Spawn Location: 5:00

Stats - Winner!

  • Race: Protoss Protoss
  • Spawn Location: 11:00

Event: IEM Season 12 - Katowice

VOD

Have the link to the VOD?

Description

Time

  • Played on: Feb. 26, 2018, 5:51 a.m.
  • Length: 6:40

All games in this series

Show
View Real Time Build Order
Export as new Build Order

DnS Protoss 

Build Orders:  

Get SALT Encoding   

  12  0:00  Probe  
  13  0:12  Probe  
  14  0:17  Pylon  
  14  0:24  Probe (Chrono Boost)  
  15  0:37  Probe (Chrono Boost)  
  15  0:38  Gateway  
  16  0:44  Probe (Chrono Boost)  
  16  0:46  Assimilator  
  17  0:51  Probe (Chrono Boost)  
  17  0:54  Assimilator  
  18  1:03  Probe (Chrono Boost)  
  19  1:11  Probe (Chrono Boost)  
  20  1:13  Gateway  
  20  1:17  Probe  
  20  1:25  Cybernetics Core  
  21  1:29  Probe  
  22  1:35  Pylon  
  22  1:41  Probe  
  23  1:53  Probe  
  24  2:00  Warp Gate (Chrono Boost)  
  24  2:02  Stalker x2  
  28  2:12  Pylon  
  28  2:32  Sentry, Stalker  
  31  2:42  Robotics Facility  
  31  3:01  Nexus  
  31  3:14  Gateway  
  31  3:26  Immortal (Chrono Boost)  
  33  3:35  Pylon  
  33  3:59  Shield Battery, Warp Prism (Chrono Boost)  
  35  4:06  Sentry  
  35  4:07  Sentry  
  39  4:10  Pylon  
  39  4:15  Stalker  
  41  4:42  Stalker x3  
  45  5:06  Stalker x3  
  47  5:29  Adept x3  
  46  5:36  Probe (Chrono Boost)  
  46  5:43  Probe (Chrono Boost)  
  46  5:49  Probe (Chrono Boost)  
  36  5:51  Probe (Chrono Boost)  
  36  5:55  Sentry x3  
  42  6:00  Probe  
  39  6:19  Stalker x2  
  39  6:29  Stalker  
Show
View Real Time Build Order
Export as new Build Order

Stats Protoss - Winner!

Build Orders: Blink Stalkers 

Get SALT Encoding   

  12  0:00  Probe  
  13  0:12  Probe  
  14  0:17  Pylon  
  14  0:24  Probe (Chrono Boost)  
  15  0:36  Probe (Chrono Boost)  
  15  0:37  Gateway  
  16  0:44  Probe (Chrono Boost)  
  16  0:46  Assimilator  
  17  0:51  Probe  
  17  0:54  Assimilator  
  18  1:03  Probe (Chrono Boost)  
  19  1:07  Gateway  
  19  1:13  Probe (Chrono Boost)  
  19  1:18  Probe (Chrono Boost)  
  20  1:25  Cybernetics Core  
  21  1:29  Probe  
  22  1:34  Pylon  
  22  1:41  Probe  
  23  1:53  Probe  
  24  2:01  Warp Gate  
  24  2:02  Stalker x2  
  28  2:12  Pylon  
  28  2:16  Shield Battery  
  28  2:32  Stalker x2  
  32  2:39  Twilight Council  
  32  3:07  Nexus, Blink (Chrono Boost)  
  32  3:24  Stalker  
  32  3:29  Stalker  
  34  3:38  Probe  
  35  3:48  Pylon  
  35  3:58  Robotics Facility  
  35  4:07  Stalker  
  35  4:08  Stalker  
  39  4:13  Probe  
  40  4:20  Probe  
  41  4:25  Probe  
  41  4:32  Stalker  
  41  4:33  Stalker  
  41  4:36  Probe  
  46  4:58  Adept x2, Immortal (Chrono Boost)  
  54  5:09  Probe x2  
  56  5:18  Stalker  
  56  5:19  Stalker  
  46  5:44  Probe (Chrono Boost)  
  46  5:45  Probe (Chrono Boost)  
  40  5:50  Adept x2  
  40  5:56  Probe (Chrono Boost), Observer  
  47  5:57  Probe (Chrono Boost)  
  47  6:02  Pylon  
  47  6:04  Probe x2 (Chrono Boost)  
  49  6:14  Probe x2  
  49  6:17  Pylon  
  49  6:20  Stalker x2  

Tags
 
Add a new tag
Caveats
  • Supply blocks, unpowered buildings, or Contaminate may cause inaccurate times.
  • Supply counts are checked every 10 seconds.